 Dungeon Sprint DCSS version 0.21-a0-331-gfb491b4 (webtiles) character file.

2485 potatolord6000 the Martial Artist (level 9, 0/74 HPs)
             Began as a Gnoll Transmuter on Oct 2, 2017.
             Was the Champion of Cheibriados.
             Slain by an orc warrior
             ... wielding a +0 short sword
             ... led by an orc high priest
              (11 damage)
             ... in the Dungeon (Sprint VII: "The Pits").
             The game lasted 00:04:53 (1639 turns).

potatolord6000 the Martial Artist (GnTm)            Turns: 1639, Time: 00:04:54

Health: 0/74       AC:  7    Str: 28    XL:     9   Next: 52%
Magic:  21/22      EV: 26    Int: 33    God:    Cheibriados [******]
Gold:   0          SH:  0    Dex: 31    Spells: 16/26 levels left

rFire    . . .     SeeInvis .     - Unarmed
rCold    . . .     Gourm    .   (shield currently unavailable)
rNeg     . . .     Faith    .   b - +0 robe
rPois    .         Spirit   .   (no helmet)
rElec    .         Reflect  .   (no cloak)
rCorr    .         Harm     .   (gloves currently unavailable)
MR       .....     NoTele   +   t - +0 pair of boots
Stlth    +++++.....             (no amulet)
HPRegen  0.22/turn              q - +3 ring of protection
MPRegen  0.18/turn              r - +3 ring of evasion

@: blade hands, very slow
A: distributed training, fangs 1, strong nose
a: End Transformation, Bend Time, Temporal Distortion, Slouch, Step From Time,
Renounce Religion


You were in the Dungeon.
You worshipped Cheibriados.
Cheibriados was exalted by your worship.
You were not hungry.
You had blades for hands.
You visited 1 branch

Inventory:

Missiles
 a - 12 arrows
Armour
 b - a +0 robe (worn)
 s - a +0 pair of gloves (melded)
 t - a +0 pair of boots (worn)
Jewellery
 q - a +3 ring of protection (left scythe-like blade)
 r - a +3 ring of evasion (right scythe-like blade)
Scrolls
 j - a scroll of blinking
 l - 3 scrolls of remove curse
 m - 5 scrolls of amnesia
 n - a scroll of summoning
Potions
 e - 5 potions of curing
 f - 5 potions of heal wounds
 g - 2 potions of haste
 h - 4 potions of magic
 i - 4 potions of berserk rage
 k - 2 potions of invisibility
Books
 c - a book of Changes

   Spells                             Type                      Level
   a - Beastly Appendage              Transmutation                1
   b - Sticks to Snakes               Transmutation                2
   c - Spider Form                    Transmutation/Poison         3
   d - Ice Form                       Ice/Transmutation            4
   e - Blade Hands                    Transmutation                5
Comestibles
 d - 8 bread rations
 o - 40 fruits
 p - 7 meat rations


   Skills:
 + Level 8.1 Fighting
 + Level 7.7 Short Blades
 + Level 7.7 Long Blades
 + Level 7.7 Axes
 + Level 7.7 Maces & Flails
 + Level 7.7 Polearms
 + Level 7.7 Staves
 + Level 7.7 Slings
 + Level 7.7 Bows
 + Level 7.7 Crossbows
 + Level 7.7 Throwing
 + Level 7.7 Armour
 + Level 9.0 Dodging
 + Level 7.7 Stealth
   Level 0.0 Stabbing
 + Level 7.7 Shields
   Level 0.0 Traps
 + Level 10.1 Unarmed Combat
 + Level 9.2 Spellcasting
 + Level 7.7 Conjurations
 + Level 7.7 Hexes
 + Level 7.7 Charms
 + Level 7.7 Summonings
 + Level 7.7 Necromancy
 + Level 7.7 Translocations
 + Level 9.0 Transmutations
 + Level 7.7 Fire Magic
 + Level 7.7 Ice Magic
 + Level 7.7 Air Magic
 + Level 7.7 Earth Magic
 + Level 7.7 Poison Magic
 + Level 7.7 Invocations
 + Level 7.7 Evocations


You had 16 spell levels left.
You knew the following spells:

 Your Spells              Type           Power        Failure   Level  Hunger
a - Beastly Appendage     Tmut           ######       6%          1    None
b - Ice Form              Ice/Tmut       ######..     16%         4    None
c - Blade Hands           Tmut           ######....   21%         5    ###....


Dungeon Overview and Level Annotations

Branches:
Dungeon (1/1)

Altars:
Ashenzari
Cheibriados
Dithmenos
Elyvilon
Fedhas
Gozag
Hepliaklqana
Kikubaaqudgha
Makhleb
Nemelex Xobeh
Okawaru
Qazlal
Ru
Sif Muna
Trog
Uskayaw
Vehumet
Wu Jian
Xom
Yredelemnul
Zin
The Shining One
Beogh
Jiyva
Lugonu


Innate Abilities, Weirdness & Mutations

Your experience applies equally to all skills.
You have very sharp teeth.
Your uncanny sense of smell can sniff out nearby items.


Message History

Unknown command.
You slash the elephant!
The elephant is severely wounded.
The ufetubus completely misses you. x2; The elephant completely misses you.
The elephant misses you. The orc warrior barely misses you.
Unknown command.
You shred the elephant!!!
You kill the elephant!
Cheibriados appreciates the change of pace.
Your Fighting skill increases to level 8!
Your Dodging skill increases to level 9!
Your Unarmed Combat skill increases to level 10!
Your Transmutations skill increases to level 9!
The ufetubus misses you. The ufetubus barely misses you.
Unknown command.
The ufetubus completely misses you. x4; The orc warrior completely misses you.
The orc high priest completely misses you.
The orc warrior barely misses you. The ice devil barely misses you.
The orc warrior hits you with a short sword!
You die...

.....'................+
)#####......#..#......#
..'.##................#
..#.#####'#####''######
###.##.......##''#
.รท#.##.......##..#
..'.##.......##..#
######...<...##5.#
))).##.......##o@#
))).##.......##4o#
######.......##3Vo
##..###########oo55o
.#.############.o.##
##)#....#!!.[##..##
.#'#)...#...[##..#
##.).)..'..))##..#
.#)#)(..#.!))#


You could see a vampire knight, an orc high priest, an ice devil, a ynoxinul, 2
orc warriors, 2 orc priests, an orc and 3 ufetubi.

Vanquished Creatures
  An orc sorcerer (D)
  An elephant (D)
  2 kobold demonologists (D)
  A troll (D)
  A spriggan (D)
  A floating eye (D)
  A porcupine (D)
  2 orc warriors (D)
  A black bear (D)
  An ice beast (D)
  An ogre (D)
  A bullfrog (D)
  A hound (D)
  2 orc wizards (D)
  A mummy (D)
  A gnoll (D)
  An adder (D)
  A river rat (D)
  3 white imps (D)
  An adder skeleton (D)
  5 orcs (D)
  A bat (D)
  A bat zombie (D)
  A goblin (D)
  3 kobolds (D)
  A quokka (D)
37 creatures vanquished.

Notes
Turn   | Place    | Note
-------+----------+-------------------------------------------
     0 | D        | potatolord6000 the Gnoll Transmuter began the quest for the Orb.
     0 | D        | Reached XP level 1. HP: 17/17 MP: 6/6
    21 | D        | Reached skill level 1 in Short Blades
    21 | D        | Reached skill level 1 in Long Blades
    21 | D        | Reached skill level 1 in Axes
    21 | D        | Reached skill level 1 in Maces & Flails
    21 | D        | Reached skill level 1 in Polearms
    21 | D        | Reached skill level 1 in Staves
    21 | D        | Reached skill level 1 in Slings
    21 | D        | Reached skill level 1 in Bows
    21 | D        | Reached skill level 1 in Crossbows
    21 | D        | Reached skill level 1 in Throwing
    21 | D        | Reached skill level 1 in Armour
    21 | D        | Reached skill level 1 in Stealth
    21 | D        | Reached skill level 1 in Shields
    21 | D        | Reached skill level 5 in Spellcasting
    21 | D        | Reached skill level 1 in Conjurations
    21 | D        | Reached skill level 1 in Hexes
    21 | D        | Reached skill level 1 in Charms
    21 | D        | Reached skill level 1 in Summonings
    21 | D        | Reached skill level 1 in Necromancy
    21 | D        | Reached skill level 1 in Translocations
    21 | D        | Reached skill level 1 in Fire Magic
    21 | D        | Reached skill level 1 in Ice Magic
    21 | D        | Reached skill level 1 in Air Magic
    21 | D        | Reached skill level 1 in Earth Magic
    21 | D        | Reached skill level 1 in Poison Magic
    21 | D        | Reached skill level 1 in Invocations
    21 | D        | Reached skill level 1 in Evocations
    21 | D        | Reached XP level 2. HP: 9/23 MP: 6/8
    27 | D        | Found a bloodstained altar of Trog.
    27 | D        | Found a deep blue altar of Sif Muna.
    27 | D        | Found a viscous altar of Jiyva.
    27 | D        | Found a hazy altar of Hepliaklqana.
    27 | D        | Found an opulent altar of Gozag.
    51 | D        | Found a glowing golden altar of the Shining One.
    51 | D        | Found a glowing silver altar of Zin.
    51 | D        | Found a basalt altar of Yredelemnul.
    51 | D        | Found a shimmering altar of Xom.
    51 | D        | Found an ornate altar of the Wu Jian Council.
    51 | D        | Found a sacrificial altar of Ru.
    51 | D        | Found a stormy altar of Qazlal.
    51 | D        | Found an iron altar of Okawaru.
    51 | D        | Found a sparkling altar of Nemelex Xobeh.
    51 | D        | Found a burning altar of Makhleb.
    51 | D        | Found a blossoming altar of Fedhas.
    51 | D        | Found a white marble altar of Elyvilon.
    51 | D        | Found a shadowy altar of Dithmenos.
    51 | D        | Found a snail-covered altar of Cheibriados.
    53 | D        | Found a radiant altar of Vehumet.
    53 | D        | Found a corrupted altar of Lugonu.
    53 | D        | Found a roughly hewn altar of Beogh.
    54 | D        | Found a hide-covered altar of Uskayaw.
    54 | D        | Found an ancient bone altar of Kikubaaqudgha.
    54 | D        | Found a shattered altar of Ashenzari.
    62 | D        | Became a worshipper of Cheibriados the Contemplative
   302 | D        | Reached * piety under Cheibriados
   312 | D        | Reached ** piety under Cheibriados
   312 | D        | Reached XP level 3. HP: 9/29 MP: 9/9
   550 | D        | Reached *** piety under Cheibriados
   561 | D        | Reached skill level 5 in Dodging
   561 | D        | Reached skill level 5 in Transmutations
   702 | D        | Noticed a black bear
   717 | D        | Reached **** piety under Cheibriados
   721 | D        | HP: 1/29 [something/magic dart (3)]
   722 | D        | Reached skill level 7 in Unarmed Combat
   722 | D        | Reached XP level 4. HP: 2/37 MP: 9/11
   727 | D        | Killed a black bear
   727 | D        | Reached XP level 5. HP: 40/43 MP: 9/13
   730 | D        | Reached ***** piety under Cheibriados
   746 | D        | Learned a level 4 spell: Ice Form
   752 | D        | Learned a level 5 spell: Blade Hands
   806 | D        | Reached XP level 6. HP: 39/50 MP: 9/15
   932 | D        | Noticed an ice beast
   935 | D        | Killed an ice beast
   935 | D        | Reached skill level 5 in Fighting
   935 | D        | Reached skill level 8 in Unarmed Combat
  1036 | D        | Noticed a spriggan
  1041 | D        | Killed a spriggan
  1041 | D        | Reached skill level 5 in Short Blades
  1041 | D        | Reached skill level 5 in Long Blades
  1041 | D        | Reached skill level 5 in Axes
  1041 | D        | Reached skill level 5 in Maces & Flails
  1041 | D        | Reached skill level 5 in Polearms
  1041 | D        | Reached skill level 5 in Staves
  1041 | D        | Reached skill level 5 in Slings
  1041 | D        | Reached skill level 5 in Bows
  1041 | D        | Reached skill level 5 in Crossbows
  1041 | D        | Reached skill level 5 in Throwing
  1041 | D        | Reached skill level 5 in Armour
  1041 | D        | Reached skill level 5 in Stealth
  1041 | D        | Reached skill level 5 in Shields
  1041 | D        | Reached skill level 5 in Conjurations
  1041 | D        | Reached skill level 5 in Hexes
  1041 | D        | Reached skill level 5 in Charms
  1041 | D        | Reached skill level 5 in Summonings
  1041 | D        | Reached skill level 5 in Necromancy
  1041 | D        | Reached skill level 5 in Translocations
  1041 | D        | Reached skill level 5 in Fire Magic
  1041 | D        | Reached skill level 5 in Ice Magic
  1041 | D        | Reached skill level 5 in Air Magic
  1041 | D        | Reached skill level 5 in Earth Magic
  1041 | D        | Reached skill level 5 in Poison Magic
  1041 | D        | Reached skill level 5 in Invocations
  1041 | D        | Reached skill level 5 in Evocations
  1041 | D        | Reached XP level 7. HP: 40/57 MP: 11/17
  1174 | D        | Paralysed by a floating eye for 4 turns
  1177 | D        | Reached ****** piety under Cheibriados
  1371 | D        | Noticed an orc sorcerer
  1371 | D        | Noticed a kobold demonologist
  1371 | D        | Noticed a kobold demonologist
  1373 | D        | Noticed a chaos spawn
  1379 | D        | Killed an orc sorcerer
  1379 | D        | Reached skill level 9 in Unarmed Combat
  1379 | D        | Reached XP level 8. HP: 17/67 MP: 15/20
  1382 | D        | Killed a kobold demonologist
  1389 | D        | Killed a kobold demonologist
  1389 | D        | Reached XP level 9. HP: 27/72 MP: 16/21
  1614 | D        | Noticed a troll
  1615 | D        | Noticed an elephant
  1619 | D        | Noticed an orc high priest
  1620 | D        | Noticed a sixfirhy
  1626 | D        | Noticed an ice devil
  1630 | D        | Killed a troll
  1630 | D        | Noticed a vampire knight
  1638 | D        | Killed an elephant
  1638 | D        | Reached skill level 10 in Unarmed Combat
  1639 | D        | Slain by an orc warrior

Vault maps used:
D:        pitsprint

Skill      XL: |  1  2  3  4  5  6  7  8  9 |
---------------+----------------------------+-----
Short Blades   | 1 2 3 4 5 6 7 |  7.7
Long Blades    | 1 2 3 4 5 6 7 |  7.7
Axes           | 1 2 3 4 5 6 7 |  7.7
Maces & Flails | 1 2 3 4 5 6 7 |  7.7
Polearms       | 1 2 3 4 5 6 7 |  7.7
Staves         | 1 2 3 4 5 6 7 |  7.7
Slings         | 1 2 3 4 5 6 7 |  7.7
Bows           | 1 2 3 4 5 6 7 |  7.7
Crossbows      | 1 2 3 4 5 6 7 |  7.7
Throwing       | 1 2 3 4 5 6 7 |  7.7
Armour         | 1 2 3 4 5 6 7 |  7.7
Stealth        | 1 2 3 4 5 6 7 |  7.7
Shields        | 1 2 3 4 5 6 7 |  7.7
Spellcasting   | 5 6 7 8 9 |  9.2
Conjurations   | 1 2 3 4 5 6 7 |  7.7
Hexes          | 1 2 3 4 5 6 7 |  7.7
Charms         | 1 2 3 4 5 6 7 |  7.7
Summonings     | 1 2 3 4 5 6 7 |  7.7
Necromancy     | 1 2 3 4 5 6 7 |  7.7
Translocations | 1 2 3 4 5 6 7 |  7.7
Fire Magic     | 1 2 3 4 5 6 7 |  7.7
Ice Magic      | 1 2 3 4 5 6 7 |  7.7
Air Magic      | 1 2 3 4 5 6 7 |  7.7
Earth Magic    | 1 2 3 4 5 6 7 |  7.7
Poison Magic   | 1 2 3 4 5 6 7 |  7.7
Invocations    | 1 2 3 4 5 6 7 |  7.7
Evocations     | 1 2 3 4 5 6 7 |  7.7
Fighting       | 3 4 5 7 8 |  8.1
Dodging        | 5 6 8 9 |  9.0
Transmutations | 5 6 8 9 |  9.0
Unarmed Combat | 7 8 9 10 | 10.1

Action                   |  1- 3 |  4- 6 |  7- 9 || total
-------------------------+-------+-------+-------++-------
Melee: Unarmed           |    42 |    21 |    40 ||   103
       Bite              |     6 |     1 |     4 ||    11
       Headbutt          |     4 |     5 |       ||     9
       Punch             |     2 |     1 |     2 ||     5
 Cast: Beastly Appendage |     4 |       |       ||     4
       Ice Form          |       |     2 |       ||     2
       Blade Hands       |       |       |     3 ||     3
  Use: Potion            |     1 |     2 |     5 ||     8
 Stab: Sleeping          |     1 |     1 |     1 ||     3
Armor: Robe              |     8 |     1 |     3 ||    12
       Skin              |       |     1 |       ||     1
Dodge: Dodged            |    33 |    14 |   125 ||   172

Table legend:
 A = Spawn XP
 B = Non-spawn XP
 C = Spawn XP percentage of total XP
 D = Spawn monster count
 E = Non-spawn monster count
 F = Spawn count percentage of total count
 G = Total turns spent on level
                    A         B        C        D         E        F      G
               +---------+---------+-------+---------+---------+-------+---------
         Total |       0 |    3550 |   0.0 |       0 |      37 |   0.0 |  1639
               +---------+---------+-------+---------+---------+-------+---------
             D |       0 |    3550 |   0.0 |       0 |      37 |   0.0 |  1639
               +---------+---------+-------+---------+---------+-------+---------
